Devils vs Capitals

Created - March 2, 2022 at 21:13

Goals
1 2 3 OT1 SO T
Devils 2 0 0 0 2 3
Capitals 1 0 1 0 0 2
Shots
1 2 3 OT1 SO T
Devils 14 16 5 0 3 35
Capitals 11 8 10 3 2 32

1st period

1. Devils , Kristopher Letang 8 (Tyler Ennis 25, Maxime Daigneault) at 8:35
2. Capitals , Cody Hodgson 13 (Mike Cammalleri 11, Steve Bernier 7) at 12:24
3. Devils , Nazem Kadri 17 (Tyler Ennis 26) at 17:19

Penalties :
Maxime Daigneault (N.J) for Slashing (Minor) at 1:42 - Chris Stewart served the penalty

2nd period

No Goal

Penalties :
Brian McGrattan (N.J) for Slashing (Minor) at 8:56, Marian Gaborik (N.J) for Hooking (Minor) at 16:05

3rd period

4. Capitals , Sean Monahan 14 (Trevor Daley 7, Patrick Sharp 2) at 7:11

Penalties :
Maxime Daigneault (N.J) for Slashing (Minor) at 10:06 - Tyler Ennis served the penalty, Michael Del Zotto (N.J) for Hooking (Minor) at 14:29

Overtime #1

No Goal

Penalties :
No Penalty

Shootout

Devils, Nazem Kadri - Stopped by Cory Schneider
Capitals, Jason Spezza - Stopped by Maxime Daigneault
Devils, Tyler Ennis - Goal!
Capitals, Cody Hodgson - Stopped by Maxime Daigneault
Devils, Marian Gaborik - Goal!

Penalties :
No Penalty

Goalie Stats

Maxime Daigneault (N.J), 30 saves from 32 shots - (0.938), W, 19-9-3, 65:00 minutes
Cory Schneider (Was), 33 saves from 35 shots - (0.943), OTL, 10-12-6, 65:00 minutes

Players Stats for Devils

Player Name              G  A  P  +/- PIM S  H  SB GA TA FO     MP     PP MP  PK MP  
------------------------------------------------------------------------------------
Aleksander Barkov        0  0  0   0  0   1  5  0  1  0  3/8    14:33   0:00   0:18 
Anton Lander             0  0  0   1  0   4  2  0  0  3  3/5    12:43   0:00   2:43 
Anton Stralman           0  0  0   0  0   3  3  1  0  2  0/0    25:49   0:00   5:53 
Brian McGrattan          0  0  0   0  2   0  2  1  0  0  1/1    15:07   0:00   2:15 
Chris Stewart            0  0  0   0  0   2  1  1  0  0  1/1    14:16   0:00   0:00 
Eric Tangradi            0  0  0   1  0   2  3  0  0  0  0/0    13:02   0:00   1:33 
Jamie Arniel             0  0  0  -1  0   1  2  0  0  0  11/23  19:40   0:00   5:44 
Jonathan Huberdeau       0  0  0  -1  0   1  1  0  0  0  1/2    14:15   0:00   0:00 
Kristopher Letang        1  0  1   0  0   4  2  1  1  0  0/0    20:50   0:00   0:43 
Marian Gaborik           0  0  0  -1  2   2  1  0  0  0  0/1    13:08   0:00   0:00 
Mark Fistric             0  0  0   1  0   1  1  2  0  1  0/0    23:33   0:00   4:24 
Matt Donovan             0  0  0  -1  0   2  1  0  1  1  0/0    22:07   0:00   5:31 
Michael Del Zotto        0  0  0   1  2   1  0  0  2  0  0/0    22:26   0:00   3:19 
Miikka Salomaki          0  0  0   1  0   1  0  0  0  0  0/0     9:43   0:00   0:00 
Nazem Kadri              1  0  1   0  0   3  0  0  1  1  9/14   15:48   0:00   0:00 
Thomas Hickey            0  0  0  -1  0   1  1  1  1  1  0/0    15:16   0:00   0:00 
Tyler Ennis              0  2  2   0  0   4  0  0  1  0  0/0    17:41   0:00   1:35 
Zach Parise              0  0  0   0  0   2  1  1  1  0  1/1    20:05   0:00   5:42 

Players Stats for Capitals

Player Name              G  A  P  +/- PIM S  H  SB GA TA FO     MP     PP MP  PK MP  
------------------------------------------------------------------------------------
Alexander Radulov        0  0  0   0  0   6  2  1  0  0  2/2    22:30   5:53   0:00 
Alexei Marchenko         0  0  0   0  0   0  1  1  0  1  0/0    20:42   0:00   0:00 
Blake Pietila            0  0  0   0  0   1  1  2  2  0  0/0    20:23   4:02   0:00 
Cameron Gaunce           0  0  0   0  0   0  2  3  1  0  0/0    20:00   4:35   0:00 
Cody Hodgson             1  0  1   0  0   5  2  0  0  1  3/10   18:00   4:02   0:00 
Jason Spezza             0  0  0   0  0   3  2  1  1  0  12/26  22:45   5:52   0:00 
Jujhar Khaira            0  0  0   0  0   2  0  0  0  1  0/0    11:54   0:01   0:00 
Martins Karsums          0  0  0   0  0   0  0  0  0  0  0/0    10:57   0:00   0:00 
Mike Cammalleri          0  1  1   0  0   2  2  0  0  0  1/3    19:25   5:52   0:00 
Nikita Zaitsev           0  0  0   0  0   1  2  2  1  1  0/0    24:14   4:35   0:00 
Patrick Sharp            0  1  1   0  0   1  1  1  0  0  0/0    12:20   0:00   0:00 
PK Subban                0  0  0   0  0   3  3  1  1  1  0/0    25:32   5:20   0:00 
Rick Nash                0  0  0   0  0   3  3  0  1  0  0/0    12:20   0:00   0:00 
Sean Monahan             1  0  1   0  0   3  2  1  0  0  5/11   13:12   0:01   0:00 
Steve Bernier            0  1  1   0  0   0  0  0  0  0  0/0    15:44   4:02   0:00 
Trevor Daley             0  1  1   0  0   0  0  0  0  1  0/0    14:00   0:00   0:00 
Victor Hedman            0  0  0   0  0   2  1  5  1  2  0/0    25:32   5:20   0:00 
William Karlsson         0  0  0   0  0   0  2  0  1  1  3/4    10:30   0:00   0:00 

3 Stars

1 - Cory Schneider (Was)
2 - Kristopher Letang (N.J)
3 - Maxime Daigneault (N.J)

Power Play

Devils - 0 on 0 Attempt(s) - 0.00%
Capitals - 0 on 5 Attempt(s) - 0.00%

Penalty Kill

Devils - 5 on 5 Attempt(s) - 100.00% - Score 0 goal in Penalty Kill
Capitals - 0 on 0 Attempt(s) - 0.00% - Score 0 goal in Penalty Kill

Team Stat

Devils - Hits : 26 - Faceoff Wins : 30 - Blocked Shots : 8 - Penalty Minutes : 10
Capitals - Hits : 26 - Faceoff Wins : 26 - Blocked Shots : 18 - Penalty Minutes : 0

Official

Referees : Brian Pochmara and Chris Rooney
Linesman : Derek Nansen and Brian Mach

Game Notes

No Game Note

Finance

Level 1 -- Attendance: 6000 (100.00%) -- Ticket Income $600,000
Level 2 -- Attendance: 4593 (91.86%) -- Ticket Income $275,580
Level 3 -- Attendance: 1911 (95.55%) -- Ticket Income $66,885
Level 4 -- Attendance: 3645 (91.13%) -- Ticket Income $91,125
Luxury Box -- Attendance: 891 (89.10%) -- Ticket Income $178,200
Game was played at the Capital One Arena.
Total Attendance: 17040 (94.67%)
Total Ticket Income: $1,211,790
Other Income: $181,768
Total Income: $1,393,558

Devils

5 vs 5 Forward 
   Center                   Left Wing                Right Wing               Time % Phy DF OF 
 1 Nazem Kadri              Tyler Ennis              Chris Stewart            32     0   2  3  
 2 Jamie Arniel             Jonathan Huberdeau       Marian Gaborik           30     0   2  3  
 3 Aleksander Barkov        Zach Parise              Brian McGrattan          28     0   2  3  
 4 Anton Lander             Eric Tangradi            Miikka Salomaki          10     0   2  3  

5 vs 5 Defense 
   Defense                  Defense                                           Time % Phy DF OF 
 1 Anton Stralman           Kristopher Letang                                 38     0   3  2  
 2 Michael Del Zotto        Mark Fistric                                      34     0   3  2  
 3 Matt Donovan             Thomas Hickey                                     28     0   3  2  
 4 Anton Stralman           Kristopher Letang                                 0      0   3  2  

PowerPlay Forward 
   Center                   Left Wing                Right Wing               Time % Phy DF OF 
 1 Nazem Kadri              Tyler Ennis              Marian Gaborik           60     0   1  4  
 2 Aleksander Barkov        Jonathan Huberdeau       Brian McGrattan          40     0   1  4  

PowerPlay Defense
   Defense                  Defense                                           Time % Phy DF OF 
 1 Michael Del Zotto        Kristopher Letang                                 60     0   2  3  
 2 Anton Stralman           Thomas Hickey                                     40     0   2  3  

Penalty Kill 4 Players Forward 
   Center                   Wing                     Time % Phy DF OF 
 1 Jamie Arniel             Zach Parise              60     1   4  0  
 2 Anton Lander             Brian McGrattan          40     1   4  0  

Penalty Kill 4 Players Defense
   Defense                  Defense                  Time % Phy DF OF 
 1 Anton Stralman           Matt Donovan             60     1   4  0  
 2 Mark Fistric             Michael Del Zotto        40     1   4  0  

Penalty Kill - 3 Players Forward 
   Forward                                           Time % Phy DF OF 
 1 Tyler Ennis                                       60     0   4  1  
 2 Jamie Arniel                                      40     0   4  1  

Penalty Kill - 3 Players Defense
   Defense                  Defense                  Time % Phy DF OF 
 1 Anton Stralman           Kristopher Letang        60     1   4  0  
 2 Michael Del Zotto        Mark Fistric             40     1   4  0  

4 vs 4 Forward 
   Center                   Wing                     Time % Phy DF OF 
 1 Nazem Kadri              Tyler Ennis              60     0   2  3  
 2 Jamie Arniel             Zach Parise              40     0   2  3  

4 vs 4 Defense
   Defense                  Defense                  Time % Phy DF OF 
 1 Anton Stralman           Kristopher Letang        60     0   3  2  
 2 Michael Del Zotto        Mark Fistric             40     0   3  2  

Last Minutes Offensive
   Center                   Left Wing                Right Wing               Defense                  Defense                  
   Nazem Kadri              Tyler Ennis              Marian Gaborik           Michael Del Zotto        Kristopher Letang        

Last Minutes Defensive
   Center                   Left Wing                Right Wing               Defense                  Defense                  
   Jamie Arniel             Zach Parise              Brian McGrattan          Anton Stralman           Mark Fistric             

Goaltenders
Starting : Maxime Daigneault        
Backup : Thomas McCollum          

Extra Forwards
Normal : Jonathan Huberdeau, Zach Parise, Aleksander Barkov - PP : Zach Parise, Jamie Arniel - PK : Tyler Ennis
Extra Defensemen
Normal : Kristopher Letang, Matt Donovan, Mark Fistric - PP : Anton Stralman - PK : Kristopher Letang, Matt Donovan
Penalty Shots
Nazem Kadri, Tyler Ennis, Marian Gaborik, Aleksander Barkov, Jamie Arniel

Scratches
Mike Weber (Healthy)

Capitals

5 vs 5 Forward 
   Center                   Left Wing                Right Wing               Time % Phy DF OF 
 1 Jason Spezza             Blake Pietila            Alexander Radulov        35     0   1  4  
 2 Cody Hodgson             Mike Cammalleri          Steve Bernier            25     0   2  3  
 3 Sean Monahan             Patrick Sharp            Rick Nash                20     0   2  3  
 4 William Karlsson         Jujhar Khaira            Martins Karsums          20     0   3  2  

5 vs 5 Defense 
   Defense                  Defense                                           Time % Phy DF OF 
 1 Victor Hedman            PK Subban                                         35     0   3  2  
 2 Alexei Marchenko         Nikita Zaitsev                                    35     0   4  1  
 3 Trevor Daley             Cameron Gaunce                                    25     0   4  1  
 4 Victor Hedman            PK Subban                                         5      0   3  2  

PowerPlay Forward 
   Center                   Left Wing                Right Wing               Time % Phy DF OF 
 1 Jason Spezza             Mike Cammalleri          Alexander Radulov        60     0   1  4  
 2 Cody Hodgson             Blake Pietila            Steve Bernier            40     0   1  4  

PowerPlay Defense
   Defense                  Defense                                           Time % Phy DF OF 
 1 PK Subban                Victor Hedman                                     60     0   2  3  
 2 Cameron Gaunce           Nikita Zaitsev                                    40     0   2  3  

Penalty Kill 4 Players Forward 
   Center                   Wing                     Time % Phy DF OF 
 1 Jason Spezza             Jujhar Khaira            60     0   4  1  
 2 Sean Monahan             Mike Cammalleri          40     0   4  1  

Penalty Kill 4 Players Defense
   Defense                  Defense                  Time % Phy DF OF 
 1 PK Subban                Alexei Marchenko         60     0   4  1  
 2 Victor Hedman            Nikita Zaitsev           40     0   4  1  

Penalty Kill - 3 Players Forward 
   Forward                                           Time % Phy DF OF 
 1 Jason Spezza                                      60     0   5  0  
 2 Sean Monahan                                      40     0   5  0  

Penalty Kill - 3 Players Defense
   Defense                  Defense                  Time % Phy DF OF 
 1 PK Subban                Alexei Marchenko         60     0   5  0  
 2 Victor Hedman            Nikita Zaitsev           40     0   5  0  

4 vs 4 Forward 
   Center                   Wing                     Time % Phy DF OF 
 1 Jason Spezza             Mike Cammalleri          60     0   2  3  
 2 Cody Hodgson             Alexander Radulov        40     0   2  3  

4 vs 4 Defense
   Defense                  Defense                  Time % Phy DF OF 
 1 PK Subban                Victor Hedman            60     0   2  3  
 2 Cameron Gaunce           Alexei Marchenko         40     0   2  3  

Last Minutes Offensive
   Center                   Left Wing                Right Wing               Defense                  Defense                  
   Jason Spezza             Mike Cammalleri          Alexander Radulov        PK Subban                Victor Hedman            

Last Minutes Defensive
   Center                   Left Wing                Right Wing               Defense                  Defense                  
   Jason Spezza             Mike Cammalleri          Rick Nash                PK Subban                Victor Hedman            

Goaltenders
Starting : Cory Schneider           
Backup : Chet Pickard             

Extra Forwards
Normal : Jason Spezza, Cody Hodgson, Alexander Radulov - PP : Jason Spezza, Cody Hodgson - PK : Jason Spezza
Extra Defensemen
Normal : PK Subban, Victor Hedman, Alexei Marchenko - PP : PK Subban - PK : Victor Hedman, PK Subban
Penalty Shots
Jason Spezza, Cody Hodgson, Mike Cammalleri, Alexander Radulov, Victor Hedman

Scratches
Antoine Vermette (Healthy), Brad Richardson (Healthy), Jared Spurgeon (Healthy), Kevin Connauton (Healthy), Mark Stone (Suspend)

% Time on Ice - Devils

Lines # - Real PCT - Wanted PCT - Time Play
Normal Forward
1 - 28% - 32% - 14:09
2 - 27% - 30% - 13:31
3 - 25% - 28% - 12:42
4 - 19% - 10% - 9:43
Normal Defense
1 - 36% - 38% - 17:51
2 - 34% - 34% - 17:11
3 - 30% - 28% - 15:03
4 - 0% - 0% - 0:00
PP Forward
1 - 0% - 60%
2 - 0% - 40%
PP Defense
1 - 0% - 60%
2 - 0% - 40%
PK Forward
1 - 73% - 60% - 7:12
2 - 27% - 40% - 2:43
PK Defense
1 - 56% - 60% - 5:31
2 - 44% - 40% - 4:24
PK3 Forward
1 - 0% - 60%
2 - 0% - 40%
PK3 Defense
1 - 0% - 60%
2 - 0% - 40%
44 Forward
1 - 82% - 60% - 4:07
2 - 18% - 40% - 0:53
44 Defense
1 - 65% - 60% - 3:15
2 - 35% - 40% - 1:45
Last Minute Offensive  - 0:00
Last Minute Defensive  - 0:00
Total
Forward - 65:00
Defense - 65:00

% Time on Ice - Capitals

Lines # - Real PCT - Wanted PCT - Time Play
Normal Forward
1 - 31% - 35% - 15:33
2 - 23% - 25% - 11:42
3 - 25% - 20% - 12:20
4 - 21% - 20% - 10:30
Normal Defense
1 - 32% - 35% - 15:58
2 - 38% - 35% - 18:58
3 - 27% - 25% - 13:19
4 - 4% - 5% - 1:50
PP Forward
1 - 59% - 60% - 5:53
2 - 41% - 40% - 4:02
PP Defense
1 - 54% - 60% - 5:20
2 - 46% - 40% - 4:35
PK Forward
1 - 0% - 60%
2 - 0% - 40%
PK Defense
1 - 0% - 60%
2 - 0% - 40%
PK3 Forward
1 - 0% - 60%
2 - 0% - 40%
PK3 Defense
1 - 0% - 60%
2 - 0% - 40%
44 Forward
1 - 84% - 60% - 4:11
2 - 16% - 40% - 0:49
44 Defense
1 - 62% - 60% - 3:05
2 - 38% - 40% - 1:55
Last Minute Offensive  - 0:00
Last Minute Defensive  - 0:00
Total
Forward - 65:00
Defense - 65:00

Play-by-Play

1st period


0:01 of 1st period - Jason Spezza wins face-off versus Nazem Kadri in neutral zone.
0:13 of 1st period - Snap shot by Tyler Ennis.
0:13 of 1st period - Shot Misses the Net.
0:19 of 1st period - Anton Stralman is hit by Victor Hedman and loses puck.
1:13 of 1st period - Mark Fistric is hit by William Karlsson and loses puck.
1:40 of 1st period - Wrist shot by Jason Spezza.
1:40 of 1st period - Shot Blocked by Thomas Hickey.
1:42 of 1st period - Slapshot by PK Subban.
1:42 of 1st period - Deflect By Tyler Ennis.
1:42 of 1st period - Stopped by Maxime Daigneault without a rebound.
1:42 of 1st period - Minor Penalty to Maxime Daigneault for Slashing.
1:43 of 1st period - Jamie Arniel wins face-off versus Jason Spezza in Devils zone.
1:56 of 1st period - Slapshot by Alexander Radulov.
1:56 of 1st period - Stopped by Maxime Daigneault without a rebound.
1:57 of 1st period - Zach Parise wins face-off versus Jason Spezza in Devils zone.
3:42 of 1st period - Penalty to Chris Stewart is over, Chris Stewart is back on ice.
3:56 of 1st period - Icing by Rick Nash.
3:57 of 1st period - Sean Monahan wins face-off versus Marian Gaborik in Capitals zone.
4:07 of 1st period - Kristopher Letang is hit by Rick Nash.
4:11 of 1st period - Wrist shot by Sean Monahan.
4:11 of 1st period - Stopped by Maxime Daigneault without a rebound.
4:12 of 1st period - Aleksander Barkov wins face-off versus Jason Spezza in Devils zone.
4:12 of 1st period - Aleksander Barkov is hit by Alexander Radulov.
4:26 of 1st period - Wrist shot by Kristopher Letang.
4:26 of 1st period - Stopped by Cory Schneider without a rebound.
4:27 of 1st period - Cody Hodgson wins face-off versus Jamie Arniel in Capitals zone.
4:38 of 1st period - Wrist shot by Cody Hodgson.
4:38 of 1st period - Shot Misses the Net.
4:54 of 1st period - Martins Karsums is hit by Brian McGrattan.
4:57 of 1st period - Off-side.
4:58 of 1st period - William Karlsson wins face-off versus Aleksander Barkov in neutral zone.
6:58 of 1st period - Wrist shot by Jujhar Khaira.
6:58 of 1st period - Stopped by Maxime Daigneault without a rebound.
6:59 of 1st period - Nazem Kadri wins face-off versus Jason Spezza in Devils zone.
7:26 of 1st period - Jason Spezza is hit by Kristopher Letang and loses puck.
7:55 of 1st period - Slapshot by Jamie Arniel.
7:55 of 1st period - Shot Misses the Net.
7:57 of 1st period - Backhand shot by Anton Stralman.
7:57 of 1st period - Stopped by Cory Schneider with a rebound.
8:19 of 1st period - Wrist shot by Victor Hedman.
8:19 of 1st period - Shot Blocked by Kristopher Letang.
8:33 of 1st period - Snap shot by Tyler Ennis.
8:33 of 1st period - Shot Misses the Net.
8:35 of 1st period - Slapshot by Kristopher Letang.
8:35 of 1st period - Goal by Kristopher Letang - Devils : 1 - Capitals : 0.
8:36 of 1st period - Jamie Arniel wins face-off versus Jason Spezza in neutral zone.
8:39 of 1st period - Backhand shot by Matt Donovan.
8:39 of 1st period - Shot Blocked by Victor Hedman.
8:45 of 1st period - Snap shot by Alexander Radulov.
8:45 of 1st period - Shot Misses the Net.
8:47 of 1st period - Wrist shot by Alexander Radulov.
8:47 of 1st period - Stopped by Maxime Daigneault without a rebound.
8:48 of 1st period - Nazem Kadri wins face-off versus Jason Spezza in Devils zone.
8:53 of 1st period - Snap shot by Nazem Kadri.
8:53 of 1st period - Stopped by Cory Schneider with a rebound.
9:14 of 1st period - Marian Gaborik is hit by Nikita Zaitsev and loses puck.
9:19 of 1st period - Wrist shot by Cody Hodgson.
9:19 of 1st period - Stopped by Maxime Daigneault without a rebound.
9:20 of 1st period - Jamie Arniel wins face-off versus Cody Hodgson in Devils zone.
9:25 of 1st period - Steve Bernier is hit by Anton Stralman and loses puck.
9:54 of 1st period - Snap shot by Nazem Kadri.
9:54 of 1st period - Shot Blocked by Victor Hedman.
9:56 of 1st period - Snap shot by Tyler Ennis.
9:56 of 1st period - Shot Blocked by Victor Hedman.
9:58 of 1st period - Slapshot by Chris Stewart.
9:58 of 1st period - Stopped by Cory Schneider without a rebound.
9:59 of 1st period - Sean Monahan wins face-off versus Anton Lander in Capitals zone.
10:12 of 1st period - Slapshot by Rick Nash.
10:12 of 1st period - Stopped by Maxime Daigneault without a rebound.
10:13 of 1st period - Nazem Kadri wins face-off versus Jason Spezza in Devils zone.
11:26 of 1st period - Slapshot by Matt Donovan.
11:26 of 1st period - Stopped by Cory Schneider without a rebound.
11:27 of 1st period - Anton Lander wins face-off versus Jason Spezza in Capitals zone.
11:50 of 1st period - Wrist shot by Eric Tangradi.
11:50 of 1st period - Stopped by Cory Schneider with a rebound.
11:52 of 1st period - Slapshot by Anton Stralman.
11:52 of 1st period - Deflect By Jason Spezza.
11:52 of 1st period - Stopped by Cory Schneider with a rebound.
11:54 of 1st period - Snap shot by Miikka Salomaki.
11:54 of 1st period - Shot Misses the Net.
12:14 of 1st period - Snap shot by Eric Tangradi.
12:14 of 1st period - Shot Blocked by Alexander Radulov.
12:16 of 1st period - Slapshot by Thomas Hickey.
12:16 of 1st period - Deflect By Eric Tangradi.
12:16 of 1st period - Shot Blocked by Cameron Gaunce.
12:16 of 1st period - Puck is out of play.
12:17 of 1st period - Cody Hodgson wins face-off versus Nazem Kadri in Capitals zone.
12:24 of 1st period - Slapshot by Cody Hodgson.
12:24 of 1st period - Goal by Cody Hodgson - Devils : 1 - Capitals : 1.
12:25 of 1st period - Nazem Kadri wins face-off versus Cody Hodgson in neutral zone.
12:36 of 1st period - Snap shot by Nazem Kadri.
12:36 of 1st period - Shot Misses the Net.
12:38 of 1st period - Snap shot by Chris Stewart.
12:38 of 1st period - Stopped by Cory Schneider without a rebound.
12:39 of 1st period - Jonathan Huberdeau wins face-off versus Sean Monahan in Capitals zone.
12:40 of 1st period - Slapshot by Marian Gaborik.
12:40 of 1st period - Shot Misses the Net.
13:11 of 1st period - Snap shot by Cody Hodgson.
13:11 of 1st period - Shot Blocked by Chris Stewart.
13:15 of 1st period - Snap shot by Cody Hodgson.
13:15 of 1st period - Shot Blocked by Anton Stralman.
13:55 of 1st period - Jason Spezza is hit by Eric Tangradi and loses puck.
14:10 of 1st period - Marian Gaborik is hit by Cameron Gaunce and loses puck.
14:19 of 1st period - Slapshot by Jonathan Huberdeau.
14:19 of 1st period - Shot Misses the Net.
14:31 of 1st period - Wrist shot by Tyler Ennis.
14:31 of 1st period - Stopped by Cory Schneider with a rebound.
14:59 of 1st period - Snap shot by Brian McGrattan.
14:59 of 1st period - Shot Blocked by Cameron Gaunce.
16:19 of 1st period - Snap shot by Jujhar Khaira.
16:19 of 1st period - Stopped by Maxime Daigneault without a rebound.
16:20 of 1st period - Brian McGrattan wins face-off versus William Karlsson in Devils zone.
16:54 of 1st period - Anton Stralman is hit by PK Subban and loses puck.
17:11 of 1st period - Slapshot by Kristopher Letang.
17:11 of 1st period - Stopped by Cory Schneider without a rebound.
17:12 of 1st period - Nazem Kadri wins face-off versus Sean Monahan in Capitals zone.
17:19 of 1st period - Snap shot by Tyler Ennis.
17:19 of 1st period - Deflect By Nazem Kadri.
17:19 of 1st period - Goal by Nazem Kadri - Devils : 2 - Capitals : 1.
17:20 of 1st period - Jamie Arniel wins face-off versus Jason Spezza in neutral zone.
17:47 of 1st period - PK Subban is hit by Mark Fistric and loses puck.
17:56 of 1st period - Wrist shot by Nazem Kadri.
17:56 of 1st period - Shot Misses the Net.
18:02 of 1st period - Nazem Kadri is hit by Cody Hodgson and loses puck.
18:16 of 1st period - Thomas Hickey is hit by Alexei Marchenko and loses puck.
19:27 of 1st period - Wrist shot by Alexander Radulov.
19:27 of 1st period - Stopped by Maxime Daigneault with a rebound.
19:29 of 1st period - Wrist shot by Blake Pietila.
19:29 of 1st period - Deflect By Jason Spezza.
19:29 of 1st period - Stopped by Maxime Daigneault without a rebound.
19:30 of 1st period - Aleksander Barkov wins face-off versus Mike Cammalleri in Devils zone.
19:37 of 1st period - Snap shot by Brian McGrattan.
19:37 of 1st period - Shot Hit the Post.
19:39 of 1st period - Slapshot by Kristopher Letang.
19:39 of 1st period - Deflect By Steve Bernier.
19:39 of 1st period - Stopped by Cory Schneider with a rebound.
19:43 of 1st period - Wrist shot by Zach Parise.
19:43 of 1st period - Stopped by Cory Schneider with a rebound.
19:57 of 1st period - Anton Stralman is hit by Sean Monahan.
Goals for this period are 2 for Devils vs 1 for Capitals.
Shots for this period are 14 for Devils vs 11 for Capitals.

2nd period


0:01 of 2nd period - Alexander Radulov wins face-off versus Nazem Kadri in neutral zone.
0:06 of 2nd period - Slapshot by Tyler Ennis.
0:06 of 2nd period - Shot Blocked by Nikita Zaitsev.
0:10 of 2nd period - Wrist shot by Nazem Kadri.
0:10 of 2nd period - Shot Blocked by Blake Pietila.
0:28 of 2nd period - Icing by Nikita Zaitsev.
0:29 of 2nd period - Jason Spezza wins face-off versus Aleksander Barkov in Capitals zone.
0:42 of 2nd period - Snap shot by Aleksander Barkov.
0:42 of 2nd period - Stopped by Cory Schneider with a rebound.
0:44 of 2nd period - Wrist shot by Zach Parise.
0:44 of 2nd period - Stopped by Cory Schneider with a rebound.
0:54 of 2nd period - Alexander Radulov is hit by Kristopher Letang and loses puck.
0:59 of 2nd period - Snap shot by Nazem Kadri.
0:59 of 2nd period - Stopped by Cory Schneider with a rebound.
1:21 of 2nd period - Blake Pietila is hit by Jonathan Huberdeau and loses puck.
1:44 of 2nd period - Slapshot by Matt Donovan.
1:44 of 2nd period - Stopped by Cory Schneider with a rebound.
1:54 of 2nd period - Nikita Zaitsev is hit by Aleksander Barkov.
2:18 of 2nd period - Wrist shot by Jamie Arniel.
2:18 of 2nd period - Shot Misses the Net.
2:40 of 2nd period - Slapshot by Tyler Ennis.
2:40 of 2nd period - Stopped by Cory Schneider with a rebound.
2:42 of 2nd period - Snap shot by Tyler Ennis.
2:42 of 2nd period - Stopped by Cory Schneider without a rebound.
2:43 of 2nd period - Sean Monahan wins face-off versus Nazem Kadri in Capitals zone.
3:31 of 2nd period - Slapshot by Victor Hedman.
3:31 of 2nd period - Stopped by Maxime Daigneault without a rebound.
3:32 of 2nd period - Cody Hodgson wins face-off versus Aleksander Barkov in Devils zone.
3:37 of 2nd period - Slapshot by Cody Hodgson.
3:37 of 2nd period - Deflect By Mike Cammalleri.
3:37 of 2nd period - Shot Hit the Post.
3:37 of 2nd period - Puck is out of play.
3:38 of 2nd period - Jamie Arniel wins face-off versus Sean Monahan in Devils zone.
3:43 of 2nd period - Trevor Daley is hit by Jamie Arniel and loses puck.
4:05 of 2nd period - Off-side.
4:06 of 2nd period - Chris Stewart wins face-off versus Cody Hodgson in neutral zone.
4:11 of 2nd period - Snap shot by Mark Fistric.
4:11 of 2nd period - Stopped by Cory Schneider with a rebound.
5:44 of 2nd period - Snap shot by Cody Hodgson.
5:44 of 2nd period - Stopped by Maxime Daigneault without a rebound.
5:45 of 2nd period - Jamie Arniel wins face-off versus Jason Spezza in Devils zone.
5:45 of 2nd period - Jamie Arniel is hit by Jason Spezza.
6:01 of 2nd period - Snap shot by Marian Gaborik.
6:01 of 2nd period - Deflect By Jason Spezza.
6:01 of 2nd period - Shot Blocked by Blake Pietila.
6:01 of 2nd period - Puck is out of play.
6:02 of 2nd period - Aleksander Barkov wins face-off versus Sean Monahan in Capitals zone.
6:17 of 2nd period - Wrist shot by Zach Parise.
6:17 of 2nd period - Shot Misses the Net.
6:54 of 2nd period - Snap shot by Eric Tangradi.
6:54 of 2nd period - Deflect By Miikka Salomaki.
6:54 of 2nd period - Stopped by Cory Schneider without a rebound.
6:55 of 2nd period - William Karlsson wins face-off versus Anton Lander in Capitals zone.
6:55 of 2nd period - William Karlsson is hit by Eric Tangradi.
7:18 of 2nd period - Victor Hedman is hit by Anton Lander and loses puck.
7:53 of 2nd period - Wrist shot by Eric Tangradi.
7:53 of 2nd period - Stopped by Cory Schneider with a rebound.
8:12 of 2nd period - Wrist shot by Anton Lander.
8:12 of 2nd period - Stopped by Cory Schneider with a rebound.
8:14 of 2nd period - Snap shot by Anton Lander.
8:14 of 2nd period - Shot Blocked by Victor Hedman.
8:16 of 2nd period - Slapshot by Thomas Hickey.
8:16 of 2nd period - Stopped by Cory Schneider with a rebound.
8:18 of 2nd period - Slapshot by Eric Tangradi.
8:18 of 2nd period - Shot Misses the Net.
8:20 of 2nd period - Snap shot by Anton Lander.
8:20 of 2nd period - Stopped by Cory Schneider with a rebound.
8:32 of 2nd period - Snap shot by Anton Lander.
8:32 of 2nd period - Stopped by Cory Schneider without a rebound.
8:33 of 2nd period - Jason Spezza wins face-off versus Aleksander Barkov in Capitals zone.
8:42 of 2nd period - Snap shot by Alexander Radulov.
8:42 of 2nd period - Stopped by Maxime Daigneault with a rebound.
8:44 of 2nd period - Snap shot by Blake Pietila.
8:44 of 2nd period - Stopped by Maxime Daigneault with a rebound.
8:46 of 2nd period - Wrist shot by Jason Spezza.
8:46 of 2nd period - Shot Misses the Net.
8:48 of 2nd period - Slapshot by Jason Spezza.
8:48 of 2nd period - Stopped by Maxime Daigneault with a rebound.
8:50 of 2nd period - Snap shot by Blake Pietila.
8:50 of 2nd period - Shot Blocked by Brian McGrattan.
8:56 of 2nd period - Minor Penalty to Brian McGrattan for Slashing.
8:57 of 2nd period - Jason Spezza wins face-off versus Jamie Arniel in Devils zone.
9:04 of 2nd period - Snap shot by Alexander Radulov.
9:04 of 2nd period - Shot Blocked by Mark Fistric.
9:06 of 2nd period - Slapshot by Cameron Gaunce.
9:06 of 2nd period - Shot Misses the Net.
9:08 of 2nd period - Slapshot by Cameron Gaunce.
9:08 of 2nd period - Deflect By Alexander Radulov.
9:08 of 2nd period - Deflect By Michael Del Zotto.
9:08 of 2nd period - Stopped by Maxime Daigneault with a rebound.
9:10 of 2nd period - Backhand shot by Nikita Zaitsev.
9:10 of 2nd period - Stopped by Maxime Daigneault without a rebound.
9:11 of 2nd period - Jason Spezza wins face-off versus Jamie Arniel in Devils zone.
9:51 of 2nd period - Michael Del Zotto is hit by Nikita Zaitsev and loses puck.
10:34 of 2nd period - Nikita Zaitsev is hit by Matt Donovan and loses puck.
10:56 of 2nd period - Penalty to Brian McGrattan is over, Brian McGrattan is back on ice.
11:11 of 2nd period - Tyler Ennis is hit by Rick Nash and loses puck.
12:03 of 2nd period - William Karlsson is hit by Zach Parise.
12:07 of 2nd period - Wrist shot by Brian McGrattan.
12:07 of 2nd period - Shot Misses the Net.
12:49 of 2nd period - Mike Cammalleri is hit by Anton Stralman and loses puck.
14:37 of 2nd period - Slapshot by Anton Stralman.
14:37 of 2nd period - Stopped by Cory Schneider without a rebound.
14:38 of 2nd period - William Karlsson wins face-off versus Nazem Kadri in Capitals zone.
14:43 of 2nd period - Wrist shot by Tyler Ennis.
14:43 of 2nd period - Shot Blocked by PK Subban.
15:03 of 2nd period - Brian McGrattan is hit by Patrick Sharp and loses puck.
15:49 of 2nd period - Slapshot by Michael Del Zotto.
15:49 of 2nd period - Shot Blocked by Alexei Marchenko.
15:51 of 2nd period - Snap shot by Jamie Arniel.
15:51 of 2nd period - Stopped by Cory Schneider with a rebound.
15:53 of 2nd period - Wrist shot by Jamie Arniel.
15:53 of 2nd period - Deflect By Jonathan Huberdeau.
15:53 of 2nd period - Stopped by Cory Schneider without a rebound.
15:54 of 2nd period - Jason Spezza wins face-off versus Jamie Arniel in Capitals zone.
15:54 of 2nd period - Jason Spezza is hit by Marian Gaborik.
16:05 of 2nd period - Minor Penalty to Marian Gaborik for Hooking.
16:06 of 2nd period - Mike Cammalleri wins face-off versus Jamie Arniel in Devils zone.
18:05 of 2nd period - Penalty to Marian Gaborik is over, Marian Gaborik is back on ice.
18:32 of 2nd period - Michael Del Zotto is hit by Sean Monahan and loses puck.
18:46 of 2nd period - Jonathan Huberdeau is hit by William Karlsson.
18:58 of 2nd period - Zach Parise is hit by Rick Nash and loses puck.
19:05 of 2nd period - Rick Nash is hit by Aleksander Barkov and loses puck.
19:16 of 2nd period - Trevor Daley is hit by Thomas Hickey and loses puck.
19:27 of 2nd period - Wrist shot by Rick Nash.
19:27 of 2nd period - Stopped by Maxime Daigneault without a rebound.
19:28 of 2nd period - Jamie Arniel wins face-off versus Cody Hodgson in Devils zone.
Goals for this period are 0 for Devils vs 0 for Capitals.
Shots for this period are 16 for Devils vs 8 for Capitals.

3rd period


0:01 of 3rd period - Jamie Arniel wins face-off versus Jason Spezza in neutral zone.
0:17 of 3rd period - Snap shot by Jason Spezza.
0:17 of 3rd period - Shot Blocked by Mark Fistric.
0:31 of 3rd period - Snap shot by Patrick Sharp.
0:31 of 3rd period - Stopped by Maxime Daigneault without a rebound.
0:32 of 3rd period - Sean Monahan wins face-off versus Aleksander Barkov in Devils zone.
0:59 of 3rd period - Wrist shot by Sean Monahan.
0:59 of 3rd period - Stopped by Maxime Daigneault without a rebound.
1:00 of 3rd period - Jason Spezza wins face-off versus Jonathan Huberdeau in Devils zone.
1:27 of 3rd period - Cody Hodgson is hit by Chris Stewart.
1:31 of 3rd period - Tyler Ennis is hit by Cody Hodgson and loses puck.
1:48 of 3rd period - Patrick Sharp is hit by Aleksander Barkov and loses puck.
1:57 of 3rd period - Wrist shot by Zach Parise.
1:57 of 3rd period - Shot Misses the Net.
2:35 of 3rd period - Slapshot by Tyler Ennis.
2:35 of 3rd period - Shot Misses the Net.
4:06 of 3rd period - Victor Hedman is hit by Anton Stralman and loses puck.
4:57 of 3rd period - Icing by Anton Lander.
4:58 of 3rd period - Anton Lander wins face-off versus Sean Monahan in Devils zone.
5:27 of 3rd period - Snap shot by Tyler Ennis.
5:27 of 3rd period - Shot Misses the Net.
5:33 of 3rd period - Wrist shot by Jason Spezza.
5:33 of 3rd period - Shot Misses the Net.
5:45 of 3rd period - Wrist shot by Jonathan Huberdeau.
5:45 of 3rd period - Shot Misses the Net.
5:47 of 3rd period - Slapshot by Jamie Arniel.
5:47 of 3rd period - Shot Blocked by Patrick Sharp.
5:49 of 3rd period - Slapshot by Michael Del Zotto.
5:49 of 3rd period - Shot Blocked by Cameron Gaunce.
5:51 of 3rd period - Snap shot by Jonathan Huberdeau.
5:51 of 3rd period - Shot Misses the Net.
6:03 of 3rd period - Slapshot by Michael Del Zotto.
6:03 of 3rd period - Shot Misses the Net.
6:30 of 3rd period - Nazem Kadri is hit by PK Subban and loses puck.
6:55 of 3rd period - Matt Donovan is hit by Jason Spezza and loses puck.
7:05 of 3rd period - Icing by Eric Tangradi.
7:06 of 3rd period - Sean Monahan wins face-off versus Jamie Arniel in Devils zone.
7:07 of 3rd period - Snap shot by Patrick Sharp.
7:07 of 3rd period - Shot Misses the Net.
7:11 of 3rd period - Snap shot by Sean Monahan.
7:11 of 3rd period - Goal by Sean Monahan - Devils : 2 - Capitals : 2.
7:12 of 3rd period - Jason Spezza wins face-off versus Jamie Arniel in neutral zone.
7:21 of 3rd period - Kristopher Letang is hit by Alexander Radulov and loses puck.
7:38 of 3rd period - Tyler Ennis is hit by PK Subban and loses puck.
8:43 of 3rd period - Wrist shot by Michael Del Zotto.
8:43 of 3rd period - Shot Misses the Net.
9:17 of 3rd period - Wrist shot by Aleksander Barkov.
9:17 of 3rd period - Shot Blocked by Sean Monahan.
9:19 of 3rd period - Wrist shot by Brian McGrattan.
9:19 of 3rd period - Shot Misses the Net.
9:21 of 3rd period - Slapshot by Michael Del Zotto.
9:21 of 3rd period - Stopped by Cory Schneider without a rebound.
9:22 of 3rd period - Jamie Arniel wins face-off versus Jason Spezza in Capitals zone.
9:29 of 3rd period - Snap shot by Marian Gaborik.
9:29 of 3rd period - Stopped by Cory Schneider with a rebound.
9:31 of 3rd period - Wrist shot by Marian Gaborik.
9:31 of 3rd period - Shot Blocked by Victor Hedman.
9:33 of 3rd period - Snap shot by Marian Gaborik.
9:33 of 3rd period - Shot Blocked by Jason Spezza.
9:35 of 3rd period - Wrist shot by Jamie Arniel.
9:35 of 3rd period - Shot Misses the Net.
9:37 of 3rd period - Wrist shot by Jamie Arniel.
9:37 of 3rd period - Shot Hit the Post.
9:39 of 3rd period - Slapshot by Jamie Arniel.
9:39 of 3rd period - Shot Misses the Net.
9:55 of 3rd period - Slapshot by Cody Hodgson.
9:55 of 3rd period - Deflect By Mike Cammalleri.
9:55 of 3rd period - Stopped by Maxime Daigneault without a rebound.
9:56 of 3rd period - Nazem Kadri wins face-off versus Cody Hodgson in Devils zone.
10:01 of 3rd period - Matt Donovan is hit by Mike Cammalleri and loses puck.
10:06 of 3rd period - Snap shot by Cody Hodgson.
10:06 of 3rd period - Stopped by Maxime Daigneault without a rebound.
10:06 of 3rd period - Minor Penalty to Maxime Daigneault for Slashing.
10:07 of 3rd period - Jason Spezza wins face-off versus Jamie Arniel in Devils zone.
10:18 of 3rd period - Wrist shot by Jason Spezza.
10:18 of 3rd period - Stopped by Maxime Daigneault with a rebound.
10:20 of 3rd period - Wrist shot by Jason Spezza.
10:20 of 3rd period - Deflect By Mike Cammalleri.
10:20 of 3rd period - Stopped by Maxime Daigneault without a rebound.
10:21 of 3rd period - Alexander Radulov wins face-off versus Jamie Arniel in Devils zone.
10:30 of 3rd period - Wrist shot by Jason Spezza.
10:30 of 3rd period - Shot Misses the Net.
10:32 of 3rd period - Slapshot by PK Subban.
10:32 of 3rd period - Stopped by Maxime Daigneault without a rebound.
10:33 of 3rd period - Jason Spezza wins face-off versus Jamie Arniel in Devils zone.
10:44 of 3rd period - Wrist shot by Jason Spezza.
10:44 of 3rd period - Shot Misses the Net.
10:46 of 3rd period - Slapshot by Victor Hedman.
10:46 of 3rd period - Shot Blocked by Zach Parise.
10:48 of 3rd period - Slapshot by Victor Hedman.
10:48 of 3rd period - Stopped by Maxime Daigneault without a rebound.
10:49 of 3rd period - Jason Spezza wins face-off versus Jamie Arniel in Devils zone.
11:02 of 3rd period - Wrist shot by Jason Spezza.
11:02 of 3rd period - Shot Misses the Net.
11:46 of 3rd period - Jason Spezza is hit by Brian McGrattan and loses puck.
12:06 of 3rd period - Penalty to Tyler Ennis is over, Tyler Ennis is back on ice.
12:36 of 3rd period - Slapshot by Anton Lander.
12:36 of 3rd period - Stopped by Cory Schneider without a rebound.
12:37 of 3rd period - Anton Lander wins face-off versus Sean Monahan in Capitals zone.
13:39 of 3rd period - Snap shot by Rick Nash.
13:39 of 3rd period - Stopped by Maxime Daigneault without a rebound.
13:40 of 3rd period - Jamie Arniel wins face-off versus Jason Spezza in Devils zone.
13:40 of 3rd period - Jamie Arniel is hit by Blake Pietila.
13:45 of 3rd period - Off-side.
13:46 of 3rd period - Jamie Arniel wins face-off versus Jason Spezza in neutral zone.
14:01 of 3rd period - Wrist shot by Jamie Arniel.
14:01 of 3rd period - Shot Misses the Net.
14:03 of 3rd period - Wrist shot by Kristopher Letang.
14:03 of 3rd period - Shot Misses the Net.
14:10 of 3rd period - Icing by Alexei Marchenko.
14:11 of 3rd period - Nazem Kadri wins face-off versus Cody Hodgson in Capitals zone.
14:29 of 3rd period - Minor Penalty to Michael Del Zotto for Hooking.
14:30 of 3rd period - Jason Spezza wins face-off versus Jamie Arniel in Devils zone.
15:34 of 3rd period - Mike Cammalleri is hit by Anton Lander.
16:29 of 3rd period - Penalty to Michael Del Zotto is over, Michael Del Zotto is back on ice.
16:36 of 3rd period - Slapshot by Anton Stralman.
16:36 of 3rd period - Shot Blocked by Nikita Zaitsev.
16:40 of 3rd period - Snap shot by Chris Stewart.
16:40 of 3rd period - Deflect By Tyler Ennis.
16:40 of 3rd period - Stopped by Cory Schneider with a rebound.
18:29 of 3rd period - Aleksander Barkov is hit by Cameron Gaunce and loses puck.
19:05 of 3rd period - William Karlsson is hit by Jamie Arniel and loses puck.
19:10 of 3rd period - Snap shot by Marian Gaborik.
19:10 of 3rd period - Stopped by Cory Schneider with a rebound.
19:54 of 3rd period - Martins Karsums is hit by Aleksander Barkov and loses puck.
Goals for this period are 0 for Devils vs 1 for Capitals.
Shots for this period are 5 for Devils vs 10 for Capitals.

Overtime #1


0:01 of 1st overtime period - Nazem Kadri wins face-off versus Mike Cammalleri in neutral zone.
0:47 of 1st overtime period - Snap shot by Alexander Radulov.
0:47 of 1st overtime period - Deflect By Cody Hodgson.
0:47 of 1st overtime period - Stopped by Maxime Daigneault without a rebound.
0:48 of 1st overtime period - Nazem Kadri wins face-off versus Cody Hodgson in Devils zone.
1:01 of 1st overtime period - Snap shot by Alexander Radulov.
1:01 of 1st overtime period - Stopped by Maxime Daigneault with a rebound.
1:20 of 1st overtime period - Slapshot by PK Subban.
1:20 of 1st overtime period - Stopped by Maxime Daigneault with a rebound.
1:40 of 1st overtime period - Michael Del Zotto is hit by Mike Cammalleri and loses puck.
2:57 of 1st overtime period - Jason Spezza is hit by Aleksander Barkov and loses puck.
4:26 of 1st overtime period - Mike Cammalleri is hit by Eric Tangradi.
Goals for this period are 0 for Devils vs 0 for Capitals.
Shots for this period are 0 for Devils vs 3 for Capitals.

ShootOut


5:00 of 1st overtime period - Round #1.
5:00 of 1st overtime period - Devils, Nazem Kadri.
5:00 of 1st overtime period - Wrist shot by Nazem Kadri.
5:00 of 1st overtime period - Stopped by Cory Schneider.
5:00 of 1st overtime period - Capitals, Jason Spezza.
5:00 of 1st overtime period - Wrist shot by Jason Spezza.
5:00 of 1st overtime period - Stopped by Maxime Daigneault.
5:00 of 1st overtime period - Round #2.
5:00 of 1st overtime period - Devils, Tyler Ennis.
5:00 of 1st overtime period - Snap shot by Tyler Ennis.
5:00 of 1st overtime period - Goal by Tyler Ennis.
5:00 of 1st overtime period - Capitals, Cody Hodgson.
5:00 of 1st overtime period - Wrist shot by Cody Hodgson.
5:00 of 1st overtime period - Stopped by Maxime Daigneault.
5:00 of 1st overtime period - Round #3.
5:00 of 1st overtime period - Devils, Marian Gaborik.
5:00 of 1st overtime period - Deke by Marian Gaborik.
5:00 of 1st overtime period - Goal by Marian Gaborik. Output by the SimonT Hockey Simulator (STHS) for Francois Prevost - Original Page W3C HTML5 Valid
Hockey Simulator - Hockey Simulation - Hockey Manager